NCAA
ARIZONA WILDCATS @ CALIFORNIA GOLDEN BEARS
05/17/2027
 
TOP OF THE 1ST
Arizona Wildcats batting - Pitching for California Golden Bears : RHP Chris Keats
Pitching: RHP Chris Keats
Batting: RHB Jesús Ortíz 0-0: Fly out, F1 (Line Drive, 15)
Batting: RHB Donald Fenner 0-0: Ball
1-0: Foul Ball, location: 2F
1-1: Ball
2-1: Foul Ball, location: 2F
2-2: Ground out 5-3 (Groundball, 5L)
Batting: RHB Arnold Flint 0-0: Called Strike
0-1: Ball
1-1: Foul Ball, location: 2F
1-2: Strikes out looking
Top of the 1st over - 0 run(s), 0 hit(s), 0 error(s), 0 left on base; Arizona 0 - California 0
BOTTOM OF THE 1ST
California Golden Bears batting - Pitching for Arizona Wildcats : RHP Bob Rivera
Pitching: RHP Bob Rivera
Batting: LHB B.J. Ware 0-0: Called Strike
0-1: Ball
1-1: Ball
2-1: SINGLE (Line Drive, 78S)
Batting: RHB Mike Ratzlaff 0-0: Ball
1-0: Ball
2-0: Called Strike
2-1: Ball
3-1: Foul Ball, location: 2F
3-2: Foul Ball, location: 2F
3-2: Base on Balls
B.J. Ware to second
Batting: RHB Sergio González 0-0: Ball
1-0: Ball
2-0: Ball
3-0: Foul Ball, location: 2F
3-1: Base on Balls
B.J. Ware to third
Mike Ratzlaff to second
Batting: RHB Ed Crockett 0-0: Ball
1-0: Ball
2-0: Called Strike
2-1: Swinging Strike
2-2: Ball
3-2: Strikes out swinging
Batting: RHB Miguel Angel Díaz 0-0: Ball
1-0: Ball
2-0: Ball
3-0: Called Strike
3-1: Foul Ball, location: 2F
3-2: Base on Balls
B.J. Ware scores
Mike Ratzlaff to third
Sergio González to second
Batting: RHB Daniel Moody 0-0: Called Strike
0-1: Foul Ball, location: 2F
0-2: Foul Ball, location: 2F
0-2: Ball
1-2: Ball
2-2: Ball
3-2: Foul Ball, location: 2F
3-2: SINGLE (Line Drive, 6MD)
Mike Ratzlaff scores
Sergio González to third
Miguel Angel Díaz to second
Batting: RHB Bob Cooper 0-0: Called Strike
0-1: Foul Ball, location: 2F
0-2: Ball
1-2: Ball
2-2: Ball
3-2: Base on Balls
Sergio González scores
Miguel Angel Díaz to third
Daniel Moody to second
Batting: RHB Cal Cox 0-0: Foul Ball, location: 2F
0-1: Ground out U3 (Groundball, 34S)
Miguel Angel Díaz scores
Daniel Moody to third
Bob Cooper to second
Batting: LHB Lee Jenkins 0-0: Called Strike
0-1: Swinging Strike
0-2: SINGLE (Flyball, 8LS)
Daniel Moody scores
Bob Cooper to third
Runner from 3rd tries for Home, SAFE, no throw
Pitching: RHP Kenny Gray
Batting: LHB B.J. Ware 0-0: Called Strike
0-1: Foul Ball, location: 2F
0-2: Strikes out swinging
Bottom of the 1st over - 6 run(s), 3 hit(s), 0 error(s), 1 left on base; Arizona 0 - California 6
TOP OF THE 2ND
Arizona Wildcats batting - Pitching for California Golden Bears : RHP Chris Keats
Batting: RHB Jake Lawrence 0-0: Called Strike
0-1: SOLO HOME RUN (Line Drive, 78XD), Distance : 370 ft
Batting: RHB Jon Hartley 0-0: Ball
1-0: Ball
2-0: Ball
3-0: Called Strike
3-1: Base on Balls
Batting: RHB Juan Navarro 0-0: Called Strike
0-1: Swinging Strike
0-2: Foul Ball, location: 2F
0-2: Ball
1-2: Strikes out swinging
Batting: RHB Lúcio Pagán 0-0: Swinging Strike
0-1: Foul Ball, location: 2F
0-2: Foul Ball, location: 2F
0-2: Ball
1-2: Strikes out swinging
Batting: RHB Dean Oglethorpe 0-0: Called Strike
0-1: Called Strike
0-2: Strikes out looking
Top of the 2nd over - 1 run(s), 1 hit(s), 0 error(s), 1 left on base; Arizona 1 - California 6
BOTTOM OF THE 2ND
California Golden Bears batting - Pitching for Arizona Wildcats : RHP Kenny Gray
Batting: RHB Mike Ratzlaff 0-0: Ball
1-0: Ground out 4-3 (Groundball, 4M)
Batting: RHB Sergio González 0-0: Ball
1-0: Called Strike
1-1: Swinging Strike
1-2: Foul Ball, location: 2F
1-2: Ball
2-2: Strikes out swinging
Batting: RHB Ed Crockett 0-0: Ball
1-0: Foul Ball, location: 2F
1-1: Foul Ball, location: 2F
1-2: Strikes out looking
Bottom of the 2nd over - 0 run(s), 0 hit(s), 0 error(s), 0 left on base; Arizona 1 - California 6
TOP OF THE 3RD
Arizona Wildcats batting - Pitching for California Golden Bears : RHP Chris Keats
Batting: RHB Maurice Long 0-0: Ball
1-0: Ground out 5-3 (Groundball, 56)
Batting: RHB Jesús Ortíz 0-0: Called Strike
0-1: Swinging Strike
0-2: Foul Ball, location: 2F
0-2: Strikes out swinging
Batting: RHB Donald Fenner 0-0: Ball
1-0: Ball
2-0: Called Strike
2-1: Foul Ball, location: 2F
2-2: Foul Ball, location: 2F
2-2: Ball
3-2: Base on Balls
Batting: RHB Arnold Flint Pickoff Throw to First - Out!
Top of the 3rd over - 0 run(s), 0 hit(s), 0 error(s), 0 left on base; Arizona 1 - California 6
BOTTOM OF THE 3RD
California Golden Bears batting - Pitching for Arizona Wildcats : RHP Kenny Gray
Batting: RHB Miguel Angel Díaz 0-0: Swinging Strike
0-1: Ball
1-1: Ball
2-1: Swinging Strike
2-2: Strikes out looking
Batting: RHB Daniel Moody 0-0: Called Strike
0-1: Called Strike
0-2: Ball
1-2: Strikes out swinging
Batting: RHB Bob Cooper 0-0: Ball
1-0: Ball
2-0: Ground out 5-3 (Groundball, 56)
Bottom of the 3rd over - 0 run(s), 0 hit(s), 0 error(s), 0 left on base; Arizona 1 - California 6
TOP OF THE 4TH
Arizona Wildcats batting - Pitching for California Golden Bears : RHP Chris Keats
Batting: RHB Arnold Flint 0-0: Ball
1-0: Foul Ball, location: 2F
1-1: Ball
2-1: Ball
3-1: Foul Ball, location: 2F
3-2: Base on Balls
Batting: RHB Jake Lawrence 0-0: Called Strike
0-1: Ball
1-1: Ball
2-1: Ball
3-1: Foul Ball, location: 2F
3-2: Foul Ball, location: 2F
3-2: Fly out, F9 (Flyball, 9)
Batting: RHB Jon Hartley 0-0: Called Strike
0-1: Foul Ball, location: 2F
0-2: Strikes out looking
Batting: RHB Juan Navarro 0-0: Ball
1-0: SINGLE (Line Drive, 6MD)
Arnold Flint to second
Batting: RHB Lúcio Pagán 0-0: Foul Ball, location: 2F
0-1: Ball
1-1: Fly out, F9 (Flyball, 9)
Top of the 4th over - 0 run(s), 1 hit(s), 0 error(s), 2 left on base; Arizona 1 - California 6
BOTTOM OF THE 4TH
California Golden Bears batting - Pitching for Arizona Wildcats : RHP Kenny Gray
Batting: RHB Cal Cox 0-0: Ball
1-0: Called Strike
1-1: Foul Ball, location: 2F
1-2: Ball
2-2: Strikes out swinging
Batting: LHB Lee Jenkins 0-0: Ball
1-0: Called Strike
1-1: Ball
2-1: Called Strike
2-2: Ground out 5-3 (Groundball, 56S)
Batting: LHB B.J. Ware 0-0: Called Strike
0-1: Called Strike
0-2: Ball
1-2: Ball
2-2: Ball
3-2: Strikes out swinging
Bottom of the 4th over - 0 run(s), 0 hit(s), 0 error(s), 0 left on base; Arizona 1 - California 6
TOP OF THE 5TH
Arizona Wildcats batting - Pitching for California Golden Bears : RHP Chris Keats
Batting: RHB Dean Oglethorpe 0-0: Called Strike
0-1: Foul Ball, location: 2F
0-2: Foul Ball, location: 2F
0-2: Foul Ball, location: 2F
0-2: Ball
1-2: Foul Ball, location: 2F
1-2: Ball
2-2: Foul Ball, location: 2F
2-2: Ball
3-2: Strikes out swinging
Batting: RHB Maurice Long 0-0: Ball
1-0: Called Strike
1-1: Ball
2-1: SINGLE (Groundball, 56D)
Batting: RHB Jesús Ortíz 0-0: Foul Ball, location: 2F
0-1: Swinging Strike
0-2: Ball
1-2: Ball
2-2: Ball
3-2: Foul Ball, location: 2F
3-2: Strikes out swinging
Pitching: RHP Dexter Miller
Batting: RHB Donald Fenner 0-0: Called Strike
0-1: Fly out, F7 (Flyball, 7LS)
Top of the 5th over - 0 run(s), 1 hit(s), 0 error(s), 1 left on base; Arizona 1 - California 6
BOTTOM OF THE 5TH
California Golden Bears batting - Pitching for Arizona Wildcats : RHP Kenny Gray
Batting: RHB Mike Ratzlaff 0-0: Foul Ball, location: 2F
0-1: Ball
1-1: Swinging Strike
1-2: Strikes out swinging
Batting: RHB Sergio González 0-0: Fly out, F8 (Line Drive, 8LD)
Batting: RHB Ed Crockett 0-0: Called Strike
0-1: Ground out 5-3 (Groundball, 5S)
Bottom of the 5th over - 0 run(s), 0 hit(s), 0 error(s), 0 left on base; Arizona 1 - California 6
TOP OF THE 6TH
Arizona Wildcats batting - Pitching for California Golden Bears : RHP Dexter Miller
Batting: RHB Arnold Flint 0-0: Swinging Strike
0-1: Swinging Strike
0-2: Ball
1-2: Ball
2-2: Foul Ball, location: 2F
2-2: Strikes out looking
Batting: RHB Jake Lawrence 0-0: Foul Ball, location: 2F
0-1: Foul Ball, location: 2F
0-2: Foul Ball, location: 2F
0-2: Ball
1-2: Ball
2-2: Foul Ball, location: 2F
2-2: Ball
3-2: Foul Ball, location: 2F
3-2: Foul Ball, location: 2F
3-2: Foul Ball, location: 2F
3-2: Foul Ball, location: 2F
3-2: Base on Balls
Batting: RHB Jon Hartley 0-0: Ball
1-0: Called Strike
1-1: Foul Ball, location: 2F
1-2: Fly out, F8 (Flyball, 8RS)
Batting: RHB Juan Navarro 0-0: Ball
1-0: Ball
2-0: Called Strike
2-1: Swinging Strike
2-2: Ball
3-2: Fly out, F9 (Flyball, 89M)
Top of the 6th over - 0 run(s), 0 hit(s), 0 error(s), 1 left on base; Arizona 1 - California 6
BOTTOM OF THE 6TH
California Golden Bears batting - Pitching for Arizona Wildcats : RHP Kenny Gray
Batting: RHB Miguel Angel Díaz 0-0: Swinging Strike
0-1: Foul Ball, location: 2F
0-2: Strikes out swinging
Pitching: RHP Matt Cleveland
Batting: RHB Daniel Moody 0-0: Ball
1-0: Called Strike
1-1: Ball
2-1: Ground out 4-3 (Groundball, 4)
Batting: RHB Bob Cooper 0-0: Ground out U3 (Groundball, 34)
Bottom of the 6th over - 0 run(s), 0 hit(s), 0 error(s), 0 left on base; Arizona 1 - California 6
TOP OF THE 7TH
Arizona Wildcats batting - Pitching for California Golden Bears : RHP Dexter Miller
Batting: RHB Lúcio Pagán 0-0: Ball
1-0: Called Strike
1-1: Ball
2-1: Foul Ball, location: 2F
2-2: Ball
3-2: Strikes out swinging
Batting: RHB Dean Oglethorpe 0-0: Ground out 5-3 (Groundball, 5)
Batting: RHB Maurice Long 0-0: Ball
1-0: Ball
2-0: SOLO HOME RUN (Flyball, 89XD), Distance : 371 ft
Batting: RHB Jesús Ortíz 0-0: Ball
1-0: Foul Ball, location: 2F
1-1: Ball
2-1: Ball
3-1: Called Strike
3-2: Fly out, F8 (Flyball, 78M)
Top of the 7th over - 1 run(s), 1 hit(s), 0 error(s), 0 left on base; Arizona 2 - California 6
BOTTOM OF THE 7TH
California Golden Bears batting - Pitching for Arizona Wildcats : RHP Matt Cleveland
Batting: RHB Cal Cox 0-0: Called Strike
0-1: Ball
1-1: Ball
2-1: Called Strike
2-2: Ball
3-2: Foul Ball, location: 2F
3-2: Base on Balls
Batting: LHB Lee Jenkins 0-0: Grounds into double play, 4-6-3 (Groundball, 34)
Batting: LHB B.J. Ware 0-0: Foul Ball, location: 2F
0-1: Ball
1-1: Foul Ball, location: 2F
1-2: Strikes out swinging
Bottom of the 7th over - 0 run(s), 0 hit(s), 0 error(s), 0 left on base; Arizona 2 - California 6
TOP OF THE 8TH
Arizona Wildcats batting - Pitching for California Golden Bears : RHP Dexter Miller
Batting: RHB Donald Fenner 0-0: Called Strike
0-1: Ball
1-1: SINGLE (Groundball, 13) (infield hit)
Pitching: RHP Martin Dixon
Batting: RHB Arnold Flint 0-0: Ball
1-0: Foul Ball, location: 2F
1-1: Ball
2-1: Swinging Strike
2-2: Strikes out swinging
Batting: RHB Jake Lawrence 0-0: Ball
1-0: Ball
2-0: Ball
3-0: Called Strike
3-1: Base on Balls
Donald Fenner to second
Batting: RHB Jon Hartley 0-0: Called Strike
0-1: Ball
1-1: Ball
2-1: Ball
3-1: Base on Balls
Donald Fenner to third
Jake Lawrence to second
Batting: RHB Juan Navarro 0-0: Ball
1-0: Swinging Strike
1-1: Swinging Strike
1-2: Foul Ball, location: 2F
1-2: Ball
2-2: Foul Ball, location: 2F
2-2: Strikes out swinging
Batting: RHB Lúcio Pagán 0-0: Ball
1-0: Called Strike
1-1: Swinging Strike
1-2: Ball
2-2: Ball
3-2: Foul Ball, location: 2F
3-2: Base on Balls
Donald Fenner scores
Jake Lawrence to third
Jon Hartley to second
Pitching: LHP Dexter Hubert
Pinch Hitting: RHB Tomás Delgado 0-0: Ball
1-0: Ball
2-0: Ball
3-0: Called Strike
3-1: Foul Ball, location: 2F
3-2: Strikes out looking
Top of the 8th over - 1 run(s), 1 hit(s), 0 error(s), 3 left on base; Arizona 3 - California 6
BOTTOM OF THE 8TH
California Golden Bears batting - Pitching for Arizona Wildcats : RHP Matt Cleveland
Now at SS: Brian Brown
Batting: RHB Mike Ratzlaff 0-0: Called Strike
0-1: Foul Ball, location: 2F
0-2: Ground out 4-3 (Groundball, 4M)
Batting: RHB Sergio González 0-0: Ball
1-0: Ball
2-0: Ball
3-0: Base on Balls
Batting: RHB Ed Crockett 0-0: Ball
1-0: Called Strike
1-1: 2-RUN HOME RUN (Line Drive, 7LD), Distance : 338 ft
Pitching: LHP John Cummings
Batting: RHB Miguel Angel Díaz 0-0: Ball
1-0: Called Strike
1-1: Ball
2-1: Ground out 4-3 (Groundball, 4)
Batting: RHB Daniel Moody 0-0: Foul Ball, location: 2F
0-1: Fly out, F3 (Flyball, 3D)
Bottom of the 8th over - 2 run(s), 1 hit(s), 0 error(s), 0 left on base; Arizona 3 - California 8
TOP OF THE 9TH
Arizona Wildcats batting - Pitching for California Golden Bears : LHP Dexter Hubert
Batting: RHB Maurice Long 0-0: Ball
1-0: Ball
2-0: Ball
3-0: Base on Balls
Pitching: RHP Ward Hunter
Batting: RHB Jesús Ortíz 0-0: Swinging Strike
0-1: Swinging Strike
0-2: Ball
1-2: Strikes out looking
Pitching: RHP Gregg Sullivan
Batting: RHB Donald Fenner 0-0: Foul Ball, location: 2F
0-1: Called Strike
0-2: Ball
1-2: Ball
2-2: Fly out, F7 (Line Drive, 7)
Batting: RHB Arnold Flint 0-0: Ball
1-0: Foul Ball, location: 2F
1-1: Foul Ball, location: 2F
1-2: Strikes out looking
Top of the 9th over - 0 run(s), 0 hit(s), 0 error(s), 1 left on base; Arizona 3 - California 8
Thursday, March 30th, 2017 - OOTP Baseball 17.12 Build 75